 Dungeon Crawl Stone Soup version 0.31.0-11-ge490571c62 (webtiles) character file.

Game seed: 2153764552567617264

1745 MollyMolluskus the Ruffian (level 9, -7/62 HPs)
             Began as an Octopode Fighter on Feb 9, 2024.
             Mangled by Grinder (8 damage)
             ... while paralysed by Grinder
             ... on level 6 of the Dungeon.
             The game lasted 00:17:44 (5296 turns).

MollyMolluskus the Ruffian (Octopode Fighter)       Turns: 5296, Time: 00:17:45

Health: -7/62      AC:  1    Str: 25    XL:     9   Next: 6%
Magic:  9/9        EV:  2    Int: 10    God:
Gold:   267        SH:  0    Dex: 12    Spells: 8/8 levels left

rFire   . .          .
                       - Unarmed
rCold   . . .        a - +0 buckler
rNeg    . . .        (helmet restricted)
rPois   +            (no amulet)
rElec   .            e - +6 ring of strength
rCorr   .            p - +5 ring of evasion
SInv    +            q - ring of see invisible
Will    .....        f - ring of poison resistance
Stlth   +++          (no ring)
HPRegen 0.30/turn    (no ring)
MPRegen 0.11/turn    (no ring)
                     (no ring)

%: no passive effects
@: paralysed, mighty
A: almost no armour, amphibious, 8 rings, camouflage 1, gelatinous body 1,
(nimble swimmer 1), tentacles
a: no special abilities


You were on level 6 of the Dungeon.
You visited 2 branches of the dungeon, and saw 7 of its levels.
You also visited: Sewer.

You collected 360 gold pieces.
You spent 93 gold pieces at shops.

Inventory:

Missiles
 m - 2 boomerangs (quivered)
 o - 10 poisoned darts
 u - a throwing net
Armour
 a - a +0 buckler (worn)
Jewellery
 e - a +6 ring of strength (left tentacle)
 f - a ring of poison resistance (on tentacle)
 p - a +5 ring of evasion (right tentacle)
 q - a ring of see invisible (on tentacle)
Talismans
 c - a serpent talisman
Wands
 d - a wand of flame (7)
 k - a wand of mindburst (11)
 l - a wand of charming (10)
Scrolls
 h - 2 scrolls of teleportation
 r - 2 scrolls of immolation
 t - a scroll of revelation
 v - a scroll of identify
 w - a scroll of blinking
Potions
 b - 2 potions of might
 g - a potion of haste
 i - 5 potions of enlightenment
 j - 2 potions of resistance
 n - a potion of attraction
 s - a potion of curing


   Skills:
 + Level 6.0 Fighting
 + Level 6.0 Dodging
 - Level 4.0 Stealth
 - Level 4.0 Shields
 * Level 7.8 Unarmed Combat


You had 8 spell levels left.
You didn't know any spells.
Your spell library contained the following spells:

 Spells                   Type           Power      Damage    Failure   Level
 Sublimation of Blood     Necr           0%         N/A       56%         2
 Volatile Blastmotes      Fire/Tloc      0%         2d10      80%         3
 Fulminant Prism          Conj/Alch      0%         3d5       99%         4
 Iskenderun's Mystic Bla  Conj/Tloc      0%         2d3       99%         4
 Petrify                  Alch/Erth      0%         N/A       99%         4
 Irradiate                Conj/Alch      0%         3d11      100%        5


Dungeon Overview and Level Annotations

Branches:
Dungeon (6/15)             Temple (1/1) D:5           Sewer (visited)

Altars:
Ashenzari
Cheibriados
Dithmenos
Elyvilon
Fedhas
Kikubaaqudgha
Nemelex Xobeh
Okawaru
Ru
Sif Muna
Trog
Uskayaw
Vehumet
Xom
Yredelemnul
Zin
The Shining One

Shops:
D:5 *

Annotations:
D:6 Grinder


Innate Abilities, Weirdness & Mutations

You cannot wear most types of armour.
You are amphibious.
You can wear up to eight rings at the same time.
Your skin changes colour to match your surroundings (Stealth+).
Your rubbery body absorbs attacks. (AC +1, EV +1)
((You are camouflaged when in or above water. (Stealth+)))
You have tentacles for arms and can constrict up to eight enemies at once.


Message History

Okay, then.
You bludgeon Grinder! Your grab misses Grinder.
Grinder is moderately wounded.
You block the adder's attack. Grinder misses you. The phantom misses you.
The ufetubus misses you. The ufetubus barely misses you.
Unknown command.
You barely miss Grinder. Your grab misses Grinder.
Grinder is moderately wounded.
The adder closely misses you. Grinder closely misses you.
The phantom closely misses you. The ufetubus hits you.
* * * LOW HITPOINT WARNING * * *
The ufetubus completely misses you. The adder closely misses you.
Unknown command.
You feel better.
The ufetubus misses you. x2; The phantom closely misses you.
Grinder misses you. The adder bites you.
* * * LOW HITPOINT WARNING * * *
The ufetubus completely misses you. You block the ufetubus's attack.
Unknown command.
You bludgeon Grinder! You grab Grinder.
Grinder is severely wounded.
You constrict Grinder. The phantom misses you. Grinder closely misses you.
The adder misses you. You block the ufetubus's attack. x2
Unknown command.
You feel better.
You constrict Grinder. The ufetubus barely misses you.
You block the ufetubus's attack. The adder closely misses you.
The orc hits you with a +0 mace!
* * * LOW HITPOINT WARNING * * *
Grinder gestures at you.
You suddenly lose the ability to move!
You lose your grip on Grinder.
The phantom hits you.
* * * LOW HITPOINT WARNING * * *
The ufetubus hits you.
* * * LOW HITPOINT WARNING * * *
The ufetubus hits you.
* * * LOW HITPOINT WARNING * * *
The adder bites you.
* * * LOW HITPOINT WARNING * * *
Grinder hits you!
You die...
Grinder says, "Hey, I wasn't done torturing you yet!"

######....####
#...#...#....#
#.......#....#
#.......#....#
#.......'....#
#.......#....#
#######.#....########..
#...###.##......Sz....#
#.....#..#....5@55..##
#.....#..#.....oW.....#
#.....#..#.....J.......
#.....#..#......####'.#
#.....'..#......# ..
#....##..#......# .
#######..#......# #....
#...#......# #....
#...# ..... #....


You could see Grinder, a phantom, a jelly, a wight, an adder, 2 ufetubi and an
orc.

Vanquished Creatures
  Duvessa (D:5)
  A water moccasin (D:6)
  A centaur (D:6)
  3 ogres
  A brain worm (Sewer)
  3 scorpions (D:5)
  4 wights (D:6)
  Dowan (D:5)
  2 howler monkeys (D:5)
  2 bombardier beetles (D:4)
  2 hounds
  2 iguanas (D:5)
  A gnoll bouda (D:5)
  An orc wizard (D:4)
  12 gnolls
  14 adders
  A river rat (Sewer)
  A shadow imp (D:5)
  A white imp (D:5)
  4 ufetubi (D:5)
  A dart slug (Sewer)
  2 ribbon worms
  12 orcs
  5 endoplasms
  6 giant cockroaches
  7 goblins
  9 hobgoblins
  6 jackals
  5 kobolds
  4 quokkas
  13 ball pythons
  15 bats
  7 frilled lizards
  5 rats
155 creatures vanquished.

Notes
Turn   | Place    | Note
-------+----------+-------------------------------------------
     0 | D:1      | MollyMolluskus the Octopode Fighter began the quest for the
                  | Orb.
     0 | D:1      | Reached XP level 1. HP: 16/16 MP: 1/1
   107 | D:1      | Reached XP level 2. HP: 18/21 MP: 2/2
   191 | D:1      | Reached skill level 1 in Stealth
   517 | D:2      | Reached XP level 3. HP: 26/26 MP: 3/3
   987 | D:2      | Found a shimmering blue altar of Sif Muna.
  1086 | D:2      | Reached XP level 4. HP: 30/31 MP: 4/4
  1138 | D:2      | Reached skill level 3 in Unarmed Combat
  1599 | D:3      | Found a faded altar of an unknown god.
  1646 | D:3      | Found a glowing drain.
  1650 | Sewer    | Entered a sewer
  1812 | Sewer    | Reached XP level 5. HP: 36/36 MP: 5/5
  2029 | Sewer    | Reached skill level 4 in Unarmed Combat
  2029 | Sewer    | Reached XP level 6. HP: 11/43 MP: 1/6
  2459 | D:3      | Found a sacrificial altar of Ru.
  2460 | D:3      | Found a basalt altar of Yredelemnul.
  2461 | D:3      | Found a snail-covered altar of Cheibriados.
  2462 | D:3      | Found a shimmering altar of Xom.
  2700 | D:3      | Found a blossoming altar of Fedhas.
  3342 | D:4      | Reached XP level 7. HP: 48/48 MP: 7/7
  3400 | D:4      | Reached skill level 5 in Unarmed Combat
  3614 | D:5      | Entered Level 5 of the Dungeon
  3950 | D:5      | Found Rahefrar's CLEARANCE SALE!.
  3956 | D:5      | Bought a potion of invisibility for 48 gold pieces
  3956 | D:5      | Bought a scroll of revelation for 45 gold pieces
  3983 | D:5      | Reached XP level 8. HP: 21/54 MP: 8/8
  4184 | D:5      | Reached skill level 6 in Unarmed Combat
  4250 | D:5      | Reached skill level 5 in Fighting
  4250 | D:5      | Reached skill level 5 in Dodging
  4250 | D:5      | Noticed Duvessa
  4252 | D:5      | Noticed Dowan
  4299 | D:5      | Killed Duvessa
  4380 | D:5      | Killed Dowan
  4451 | D:5      | Found a staircase to the Ecumenical Temple.
  4456 | Temple   | Entered the Ecumenical Temple
  4528 | D:5      | Reached skill level 7 in Unarmed Combat
  5205 | D:6      | Reached XP level 9. HP: 54/62 MP: 9/9
  5285 | D:6      | Noticed Grinder
  5292 | D:6      | HP: 1/62 [ufetubus (5)]
  5295 | D:6      | Paralysed by Grinder for 2 turns
  5296 | D:6      | Mangled by Grinder

Illustrated notes

Levels and vault maps discovered:
D:1:      lightli_arrival_boilingwater, layout_basic, chequers_avenue,
          minmay_surrounded
D:2:      minmay_general_purpose_star, layout_loops_corners, basic_altar,
          grunt_ministairs_7
D:3:      layout_basic, fedhas_altar_4,
          chequers_temple_overflow_statue_of_worship,
          mainiacjoe_sewer_entry_somewhere_in_here_2,
          ebering_ecumenical_altar_ruins, st_stairs_11, minmay_between
D:4:      layout_loops_ring, minmay_diced_spiral
D:5:      minmay_inner_zag, layout_cave_pools, minmay_temple_entry_grid,
          nicolae_shop_clearance, uniq_duvessa
D:6:      layout_gridville, nicolae_qazlal_general_emergency,
          minmay_manual_monstrance, uniq_grinder
Temple:   grunt_temple_mini_profane

Skill      XL: |  1  2  3  4  5  6  7  8  9 |
---------------+----------------------------+-----
Stealth        | 1 2 3 4 |  4.0
Unarmed Combat | 3 4 5 7 |  7.8
Dodging        | 4 5 6 |  6.0
Fighting       | 4 5 6 |  6.0
Shields        | 4 |  4.0

Action                     |  1- 3 |  4- 6 |  7- 9 || total
---------------------------+-------+-------+-------++-------
  Melee: Unarmed           |    78 |   136 |   135 ||   349
         Constrict         |    17 |    41 |    37 ||    95
         Tentacles         |     9 |    33 |    38 ||    80
         Punch             |     1 |     5 |     7 ||    13
  Throw: Boomerang         |       |       |     1 ||     1
    Use: Scroll            |     6 |     9 |     2 ||    17
         Potion            |       |     1 |     6 ||     7
   Stab: Sleeping          |    12 |    18 |     6 ||    36
         Invisible         |       |       |     2 ||     2
         Distracted        |       |       |     1 ||     1
 Armour: Skin              |    25 |    41 |    57 ||   123
  Dodge: Dodged            |    37 |    71 |   140 ||   248
  Block: Buckler           |    10 |    28 |    39 ||    77
